 Dungeon Crawl Stone Soup version 0.24.0-13-gcf9b3192b9 (webtiles) character file.

Game seed: 7958214376772809194, levelgen mode: deterministic

32 serch the Conjurer (level 3, 7/19 HPs)
             Began as a Deep Elf Conjurer on Nov 9, 2019.
             Quit the game on level 2 of the Dungeon.
             The game lasted 00:09:14 (1064 turns).

serch the Conjurer (Deep Elf Conjurer)              Turns: 1064, Time: 00:09:15

Health: 7/19       AC:  4    Str:  5    XL:     3   Next: 10%
Magic:  0/9        EV: 12    Int: 20    God:
Gold:   60         SH:  0    Dex: 11    Spells: 7/8 levels left

rFire    . . .     SeeInvis +   (no weapon)
rCold    . . .     Gourm    .   (no shield)
rNeg     . . .     Faith    .   a - +0 robe
rPois    .         Spirit   .   h - +1 helmet
rElec    .         Reflect  .   (no cloak)
rCorr    .         Harm     .   (no gloves)
MR       .....                  (no boots)
Stlth    ++........             (no amulet)
HPRegen  0.06/turn              k - -4 ring of dexterity (curse)
MPRegen  0.11/turn              l - ring of see invisible

@: no status effects
A: no striking features
a: no special abilities


You were on level 2 of the Dungeon.
You were not hungry.

You visited 1 branch of the dungeon, and saw 2 of its levels.

You collected 60 gold pieces.

Inventory:

Armour
 a - a +0 robe (worn)
 h - a +1 helmet (worn)
Jewellery
 k - a cursed -4 ring of dexterity (left hand)
 l - a ring of see invisible (right hand)
Scrolls
 e - a scroll of noise
 i - 3 scrolls of identify
Potions
 b - 2 potions of heal wounds
 f - 2 potions of brilliance {unknown}
Comestibles
 c - 3 rations


   Skills:
 + Level 2.5 Dodging
 + Level 2.8 Stealth
 + Level 3.3 Spellcasting
 + Level 5.2 Conjurations


You had 7 spell levels left.
You knew the following spells:

 Your Spells              Type           Power        Failure   Level  Hunger
a - Magic Dart            Conj           ###.         1%          1    None

Your spell library contained the following spells:

 Spells                   Type           Power        Failure   Level  Hunger
 Searing Ray              Conj           ###...       2%          2    ##.....
 Dazzling Spray           Conj/Hex       ##....       14%         3    ###....
 Iskenderun's Mystic Bla  Conj           ###.....     16%         4    ####...
 Force Lance              Conj/Tloc      ##......     43%         4    ####...
 Fulminant Prism          Conj/Hex       ##........   43%         4    ####...


Dungeon Overview and Level Annotations

Branches:
Dungeon (2/15)

Altars:
Okawaru
Trog

Annotations:
D:2 Terence


Message History

Casting: Magic Dart (safe; 1% risk of failure)
Confirm with . or Enter, or press ? or * to list all spells.
Aiming: Magic Dart (safe; 1% risk of failure)
Press: ? - help, Shift-Dir - straight line, f/p - Terence
Aim: Terence, wielding a +0 short sword and wearing a +0 chain mail The magic dart hits Terence.
Terence is lightly wounded.
Terence closely misses you.
Casting: Magic Dart (safe; 1% risk of failure)
Confirm with . or Enter, or press ? or * to list all spells.
You don't have enough magic to cast that spell.
Unknown command.
Unknown command.
Unknown command.
Unknown command.
Casting: Magic Dart (safe; 1% risk of failure)
Confirm with . or Enter, or press ? or * to list all spells.
You don't have enough magic to cast that spell.
Autopickup is now off.
Are you sure you want to abandon this character and quit the game? (Confirm with "yes".)

..# #.......
..######.......####
..##..............#
..##..............# .
..##.......###....####..
......................>.
..#####..#..............
..# #..#####..........
### #........#@@...... #
#.######.#..w..... #
#.### #.#........ #
#...# #.#..#..... ##
#...# #.#..#.#.## .#
#...####.#..# # # .#
#........#### .#
#........#
.######.##.....#


You could see Terence and a dart slug.

Vanquished Creatures
  An adder (D:2)
  2 leopard geckos (D:1)
  A ball python (D:2)
  A bat (D:2)
  2 goblins
  3 hobgoblins
  A jackal (D:1)
  A quokka (D:2)
  A frilled lizard (D:1)
  4 kobolds (D:1)
  3 rats
20 creatures vanquished.

Notes
Turn   | Place    | Note
-------+----------+-------------------------------------------
     0 | D:1      | serch the Deep Elf Conjurer began the quest for the Orb.
     0 | D:1      | Reached XP level 1. HP: 10/10 MP: 6/6
   181 | D:1      | Reached XP level 2. HP: 15/15 MP: 5/8
   752 | D:2      | Found a bloodstained altar of Trog.
   754 | D:2      | Found an iron altar of Okawaru.
   943 | D:2      | Reached skill level 5 in Conjurations
  1000 | D:2      | Reached XP level 3. HP: 19/19 MP: 5/9
  1051 | D:2      | Noticed Terence
  1064 | D:2      | Quit the game

Levels and vault maps discovered:
D:1:      dpeg_arrival_brainrot, layout_loops_ring
D:2:      layout_basic, overflow_temple_1_default, bloody_trog, okawaru_trees_1,
          uniq_terence

Skill      XL: |  1  2 |
---------------+-------+-----
Conjurations   | 5 |  5.2
Dodging        | |  2.5
Stealth        | |  2.8
Spellcasting   | |  3.3

Action                   || total
-------------------------++-------
 Cast: Magic Dart        ||    35
  Use: Scroll            ||     6
Dodge: Dodged            ||     3
